 Dungeon Crawl Stone Soup version bcrawl-1.28.1b (webtiles) character file.

Game seed: 11215940053207923060

110326 Adamkad1 the Digger (level 4, 0/33 HPs)
             Began as a Sand Dwarf Earth Elementalist on Dec 17, 2020.
             Was a Follower of Elyvilon.
             Shot with a sling bullet by Ijyb (2 damage)
             ... on level 3 of the Dungeon.
             The game lasted 00:05:53 (2835 turns).

Adamkad1 the Digger (Sand Dwarf Earth Elementalist) Turns: 2835, Time: 00:05:53

Health: 0/33       AC:  0    Str: 13    XL:     4   Next: 92%
Magic:  8/8        EV: 14    Int: 16    God:    Elyvilon [*.....]
Gold:   134        SH:  0    Dex: 11    Spells: 5/9 levels left

rFire    . . .     SeeInvis .     - Teeth (4.7)
rCold    . . .     Gourm    .   (shield currently unavailable)
rNeg     . . .     Faith    .   (armour currently unavailable)
rPois    .         Spirit   .   (helmet currently unavailable)
rElec    .         Reflect  .   (cloak currently unavailable)
rCorr    .         Harm     .   (gloves currently unavailable)
MR       .....                  (boots currently unavailable)
Stlth    ++........             (no amulet)
HPRegen  0.11/turn              (ring currently unavailable)
MPRegen  0.11/turn              (ring currently unavailable)

@: pig-form, very quick
A: small
a: Lesser Healing, Divine Protection, Renounce Religion


You were on level 3 of the Dungeon.
You worshipped Elyvilon.
Elyvilon was aware of your devotion.
You were not hungry.
You were a filthy swine.
You visited 1 branch of the dungeon, and saw 3 of its levels.

You collected 134 gold pieces.

Inventory:

Hand Weapons
 k - a +0 club
 l - a +0 mace
 u - a cursed +1 spear (melded)
Missiles
 b - 535 stones (quivered)
Armour
 c - a +0 robe
 q - a +0 helmet
 t - a +1 chain mail of fire resistance (melded)
Jewellery
 a - an uncursed amulet of guardian spirit
Scrolls
 f - 3 scrolls of identify
 i - a scroll of fear
 s - a scroll of enchant weapon
Potions
 d - a potion of flight {unknown}
 g - a potion of agility {unknown}
 m - a potion of invisibility
 n - a potion of curing {unknown}
 o - a potion of cancellation {unknown}
 p - a potion of resistance {unknown}
Comestibles
 e - 4 rations {!d}
 h - 3 chunks of flesh


   Skills:
 + Level 0.3 Polearms
 + Level 2.2 Dodging
 - Level 1.5 Stealth
 * Level 3.1 Spellcasting
 + Level 0.2 Conjurations
   Level 0.7 Transmutations
 * Level 4.9 Earth Magic


You had 5 spell levels left.
You knew the following spells:

 Your Spells              Type           Power        Failure   Level  Hunger
a - Sandblast             Erth           ###...       2%          1    None
b - Stone Arrow           Conj/Erth      ##....       19%         3    ####...

Your spell library contained the following spells:

 Spells                   Type           Power        Failure   Level  Hunger
 Passwall                 Tmut/Erth      ##......     9%          2    #......
 Apportation              Tloc           #.....       19%         1    None
 Infusion                 Chrm           #.......     19%         1    None
 Slow                     Hex            #.......     19%         1    None
 Summon Butterflies       Summ           #.......     19%         1    None
 Petrify                  Tmut/Erth      ##........   50%         4    #####..
 Lee's Rapid Deconstruct  Erth           ###.......   54%         5    ######.


Dungeon Overview and Level Annotations

Branches:
Dungeon (3/12)

Altars:
Elyvilon

Annotations:
D:3 Ijyb


Innate Abilities, Weirdness & Mutations

You are small and have problems with some larger weapons.
((You cover ground slowly.))
((Armour does not affect your spellcasting.))


Message History

Your +1 chain mail of fire resistance melds into your body.
You feel less resistant to fire.
Ijyb shoots a sling bullet.
The sling bullet hits you! The sling bullet freezes you.
Ijyb unwields a +1 hunting sling of freezing.
Ijyb wields a +0 dagger of electrocution.
You hear the crackle of electricity.
Ijyb hits you with a +0 dagger of electrocution.
You are electrocuted!
* * * LOW HITPOINT WARNING * * *
You hit Ijyb but do no damage.
Ijyb hits you with a +0 dagger of electrocution.
* * * LOW HITPOINT WARNING * * *
Ijyb unwields a +0 dagger of electrocution.
It stops crackling.
Ijyb wields a +1 hunting sling of freezing.
It is covered in frost.
Ijyb shoots a sling bullet.
The sling bullet hits you.
* * * LOW HITPOINT WARNING * * *
The sling bullet freezes you.
You die...

#.# #.# #.# #.# #.#
#.# #.# #.#
###.############.#
#................# .
#...##############
##. #..## #..# #..
#.h### #..#
#.###....# #..#
#.##[..#.#
#..#.#####.#.<.g..#
#..#..............#
#..#######.#......#
##..# #.##...#.#
....#######.###.##.#
#.#
###.........[.).##.#
#.#


You could see Ijyb.

Vanquished Creatures
  An orc wizard (D:3)
  2 oozes
  A worm (D:2)
  2 dart slugs
  8 leopard geckos
  5 orcs
  4 hobgoblins
  2 quokkas
  4 ball pythons
  7 bats
  12 frilled lizards (D:1)
  5 kobolds
  5 rats
58 creatures vanquished.

Notes
Turn   | Place    | Note
-------+----------+-------------------------------------------
     0 | D:1      | Adamkad1 the Sand Dwarf Earth Elementalist began the quest
                  | for the Orb.
     0 | D:1      | Reached XP level 1. HP: 14/14 MP: 3/3
   123 | D:1      | Reached XP level 2. HP: 20/20 MP: 3/5
   204 | D:1      | Reached skill level 4 in Earth Magic
   450 | D:1      | Reached XP level 3. HP: 26/26 MP: 4/6
   481 | D:1      | Learned a level 3 spell: Stone Arrow
  1311 | D:2      | Found a white marble altar of Elyvilon.
  1521 | D:2      | Became a worshipper of Elyvilon the Healer
  1811 | D:2      | Reached XP level 4. HP: 23/33 MP: 8/8
  2591 | D:3      | Reached * piety under Elyvilon
  2605 | D:3      | Noticed Ijyb
  2835 | D:3      | Shot with a sling bullet by Ijyb

Skill      XL: |  1  2  3  4 |
---------------+-------------+-----
Earth Magic    | 4 |  4.9
Dodging        | 2 |  2.2
Spellcasting   | 3 |  3.1
Polearms       | |  0.3
Stealth        | |  1.5
Conjurations   | |  0.2
Transmutations | |  0.7

Action                   |  1- 3 |  4- 6 || total
-------------------------+-------+-------++-------
Melee: Unarmed           |    56 |     1 ||    57
       Mace              |    18 |    16 ||    34
       Club              |     5 |       ||     5
       Spear             |       |    55 ||    55
 Cast: Sandblast         |    36 |    11 ||    47
       Stone Arrow       |       |     2 ||     2
  Use: Scroll            |       |     7 ||     7
       Potion            |       |     1 ||     1
 Stab: Sleeping          |     1 |       ||     1
  Eat: Chunk             |     6 |     8 ||    14
Armor: Robe              |    16 |       ||    16
       Scale mail        |     2 |     4 ||     6
       Chain mail        |       |    33 ||    33
       Skin              |       |     1 ||     1
Dodge: Dodged            |    71 |    36 ||   107
